 Dungeon Crawl Stone Soup version 0.21.1-1-g345015f (webtiles) character file.

14 inc the Scratcher (level 2, 0/12 HPs)
             Began as a Felid Transmuter on Feb 21, 2018.
             Slain by a leopard gecko (3 damage)
             ... on level 2 of the Dungeon.
             The game lasted 00:01:09 (1146 turns).

inc the Scratcher (Felid Transmuter)                Turns: 1146, Time: 00:01:10

Health: 0/12       AC:  1    Str:  6    XL:     2   Next: 31%
Magic:  5/6        EV: 18    Int: 14    God:
Gold:   32         SH:  0    Dex: 16    Spells: 4/5 levels left
                                        Lives:  0   Deaths: 0

rFire    . . .     SeeInvis +     - Unarmed
rCold    . . .     Gourm    .   (shield unavailable)
rNeg     . . .     Faith    .   (armour unavailable)
rPois    .         Spirit   .   (helmet unavailable)
rElec    .         Reflect  .   (cloak unavailable)
rCorr    .         Harm     .   (gloves unavailable)
MR       .....                  (boots unavailable)
Stlth    ++........             (no amulet)
HPRegen  0.04/turn              (no ring)
MPRegen  0.10/turn              (no ring)

@: appendage, quick
A: very small, no armour, no weapons or thrown items, stealth, claws 1, fangs 3,
horns 2, see invisible, carnivore, speed 1, shaggy fur 1, slow metabolism 1,
sharp paws
a: End Transformation


You were on level 2 of the Dungeon.
You were not hungry.
You had grown temporary horns.
You visited 1 branch of the dungeon, and saw 2 of its levels.

You collected 32 gold pieces.

Inventory:

Missiles
 a - 70 arrows
Scrolls
 d - 2 scrolls of identify {unknown}
 f - a scroll of blinking {unknown}
 g - a scroll of enchant weapon {unknown}
 h - a scroll of immolation {unknown}
Potions
 e - a potion of agility {unknown}
Books
 b - a book of Changes

   Spells                             Type                      Level
   a - Beastly Appendage              Transmutation                1
   b - Sticks to Snakes               Transmutation                2
   c - Spider Form                    Transmutation/Poison         3
   d - Ice Form                       Ice/Transmutation            4
   e - Blade Hands                    Transmutation                5
Comestibles
 c - 2 rations


   Skills:
 - Level 1.0 Fighting
 - Level 2.6 Dodging
 + Level 3.8 Unarmed Combat
 - Level 2.0 Spellcasting
 - Level 2.1 Transmutations


You had 4 spell levels left.
You knew the following spells:

 Your Spells              Type           Power        Failure   Level  Hunger
a - Beastly Appendage     Tmut           #.....       10%         1    ##.....


Dungeon Overview and Level Annotations

Branches:
Dungeon (2/15)

Altars:


Innate Abilities, Weirdness & Mutations

You cannot wear armour.
You are incapable of wielding weapons or throwing items.
Your paws allow you to move quietly. (Stealth)
You have sharp claws.
You have razor-sharp teeth.
You have supernaturally acute eyesight. (SInv)
You are carnivorous and can eat meat at any time.
You cover ground quickly.
You are covered in fur. (AC +1)
You have a slow metabolism.
Your sharp claws are effective at attacking unaware monsters.
You have a pair of horns on your head.


Message History

Your horns disappear.
The leopard gecko misses you.
You barely miss the leopard gecko.
The leopard gecko is lightly wounded.
The leopard gecko barely misses you.
You closely miss the leopard gecko. Your bite misses the leopard gecko.
The leopard gecko is lightly wounded.
The leopard gecko bites you.
* * * LOW HITPOINT WARNING * * *
Casting: Beastly Appendage
Confirm with . or Enter, or press ? or * to list all spells.
You grow a pair of large bovine horns.
The leopard gecko closely misses you.
You barely miss the leopard gecko.
The leopard gecko is lightly wounded.
The leopard gecko bites you but does no damage.
The leopard gecko closely misses you.
You barely miss the leopard gecko. Your headbutt misses the leopard gecko.
The leopard gecko is lightly wounded.
The leopard gecko bites you.
You die...

### #@# #l#
.......l..#
........###
........+
........#
........#
.........
#########


You could see 2 leopard geckos.

Vanquished Creatures
  A giant cockroach (D:1)
  2 goblins
  3 hobgoblins (D:1)
  2 bats (D:1)
  A frilled lizard (D:1)
  4 kobolds (D:1)
  2 rats (D:1)
15 creatures vanquished.

Notes
Turn   | Place    | Note
-------+----------+-------------------------------------------
     0 | D:1      | inc the Felid Transmuter began the quest for the Orb.
     0 | D:1      | Reached XP level 1. HP: 9/9 MP: 4/4
   541 | D:1      | Reached XP level 2. HP: 10/12 MP: 4/6
  1146 | D:2      | Slain by a leopard gecko

Action                   || total
-------------------------++-------
Melee: Unarmed           ||    55
       Bite              ||     2
       Headbutt          ||     3
 Cast: Beastly Appendage ||    14
 Stab: Sleeping          ||     2
Armor: Skin              ||     3
Dodge: Dodged            ||    39
